 Dungeon Crawl Stone Soup version 0.21.1-1-g345015f (webtiles) character file.

45 inc the Ducker (level 3, -4/15 HPs)
             Began as a Felid Transmuter on Mar 14, 2018.
             Slain by a big kobold
             ... wielding a +0 whip
              (5 damage)
             ... on level 2 of the Dungeon.
             The game lasted 00:01:24 (1231 turns).

inc the Ducker (Felid Transmuter)                   Turns: 1231, Time: 00:01:25

Health: -4/15      AC:  1    Str:  6    XL:     3   Next: 42%
Magic:  6/7        EV: 20    Int: 16    God:
Gold:   14         SH:  0    Dex: 17    Spells: 3/6 levels left
                                        Lives:  0   Deaths: 0

rFire    . . .     SeeInvis +     - Unarmed
rCold    . . .     Gourm    .   (shield unavailable)
rNeg     . . .     Faith    .   (armour unavailable)
rPois    .         Spirit   .   (helmet unavailable)
rElec    .         Reflect  .   (cloak unavailable)
rCorr    .         Harm     .   (gloves unavailable)
MR       .....                  (boots unavailable)
Stlth    ++........             o - amulet of rage
HPRegen  0.05/turn              d - +2 ring of intelligence
MPRegen  0.10/turn              (no ring)

@: appendage (expiring), quick
A: very small, no armour, no weapons or thrown items, stealth, claws 1, fangs 3,
horns 2, see invisible, carnivore, speed 1, shaggy fur 1, slow metabolism 1,
sharp paws
a: End Transformation, Evoke Berserk Rage


You were on level 2 of the Dungeon.
You were not hungry.
You had grown temporary horns.
You visited 1 branch of the dungeon, and saw 2 of its levels.

You collected 14 gold pieces.

Inventory:

Missiles
 a - 12 arrows
Jewellery
 d - a +2 ring of intelligence (left paw)
 n - an uncursed ring of see invisible
 o - an amulet of rage (around neck)
Scrolls
 f - a scroll of enchant armour {unknown}
 g - a scroll of magic mapping {unknown}
 h - 3 scrolls of identify {unknown}
 k - a scroll of teleportation {unknown}
Potions
 e - a potion of flight {unknown}
 i - a potion of might {unknown}
 j - a potion of heal wounds {unknown}
 l - a potion of lignification {unknown}
 m - 2 potions of mutation {unknown}
Books
 b - a book of Changes

   Spells                             Type                      Level
   a - Beastly Appendage              Transmutation                1
   b - Sticks to Snakes               Transmutation                2
   c - Spider Form                    Transmutation/Poison         3
   d - Ice Form                       Ice/Transmutation            4
   e - Blade Hands                    Transmutation                5
Comestibles
 c - 2 rations


   Skills:
 - Level 1.0 Fighting
 + Level 5.2 Dodging
 - Level 3.0 Unarmed Combat
 - Level 2.0 Spellcasting
 - Level 2.1 Transmutations


You had 3 spell levels left.
You knew the following spells:

 Your Spells              Type           Power        Failure   Level  Hunger
a - Beastly Appendage     Tmut           #.....       9%          1    #......
b - Sticks to Snakes      Tmut           #.......     13%         2    ###....


Dungeon Overview and Level Annotations

Branches:
Dungeon (2/15)

Altars:


Innate Abilities, Weirdness & Mutations

You cannot wear armour.
You are incapable of wielding weapons or throwing items.
Your paws allow you to move quietly. (Stealth)
You have sharp claws.
You have razor-sharp teeth.
You have supernaturally acute eyesight. (SInv)
You are carnivorous and can eat meat at any time.
You cover ground quickly.
You are covered in fur. (AC +1)
You have a slow metabolism.
Your sharp claws are effective at attacking unaware monsters.
You have a pair of horns on your head.


Message History

You closely miss the big kobold. You headbutt the big kobold.
The big kobold is moderately wounded.
The big kobold completely misses you.
You claw the big kobold! Your headbutt misses the big kobold.
The big kobold is heavily wounded.
The big kobold hits you with a whip!
* * * LOW HITPOINT WARNING * * *
You are too injured to fight recklessly!
Okay, then.
You scratch the big kobold. Your headbutt misses the big kobold.
The big kobold is heavily wounded.
The big kobold misses you.
You scratch the big kobold but do no damage.
Your headbutt misses the big kobold.
The big kobold is heavily wounded.
The big kobold completely misses you.
You closely miss the big kobold. You headbutt the big kobold.
The big kobold is heavily wounded.
The big kobold hits you with a whip.
You die...

#..#######.#.# #...#
#..# #.#.####..#
#..# #.#.#.....#
#####..#
##.#.#.###.#
.......#
#....#.###.#
#####..#
#..##...##.###.#
#.##
#.........>....# #.#
#####(###.".##.#####
## #.#
........@K.###.# .#
#)# .####.####(###.#
<# #.# ## ##...##.#
.# .# #...#..(..#.#
.# #.....$...# .####
#...#......##
....####.
##.###...#.#
..#...... ...
.......# ....####
.#.###.#.#..#


You could see a big kobold.

Vanquished Creatures
  An adder (D:2)
  An ooze (D:1)
  2 dart slugs
  2 giant cockroaches (D:1)
  2 goblins (D:2)
  6 hobgoblins (D:1)
  A quokka (D:2)
  5 bats
  A kobold (D:2)
  5 rats
26 creatures vanquished.

Notes
Turn   | Place    | Note
-------+----------+-------------------------------------------
     0 | D:1      | inc the Felid Transmuter began the quest for the Orb.
     0 | D:1      | Reached XP level 1. HP: 9/9 MP: 4/4
    40 | D:1      | Reached skill level 3 in Dodging
   389 | D:1      | Reached XP level 2. HP: 10/12 MP: 6/6
   425 | D:1      | Reached skill level 4 in Dodging
   544 | D:1      | Learned a level 2 spell: Sticks to Snakes
   905 | D:2      | Reached XP level 3. HP: 11/15 MP: 7/7
   921 | D:2      | Reached skill level 5 in Dodging
  1206 | D:2      | Noticed a big kobold
  1231 | D:2      | Slain by a big kobold

Skill      XL: |  1  2  3 |
---------------+----------+-----
Dodging        | 3 4 5 |  5.2
Fighting       | |  1.0
Unarmed Combat | |  3.0
Spellcasting   | |  2.0
Transmutations | |  2.1

Action                   || total
-------------------------++-------
Melee: Unarmed           ||    81
       Bite              ||     6
       Headbutt          ||     5
 Cast: Beastly Appendage ||     2
 Stab: Sleeping          ||     6
Armor: Skin              ||     3
Dodge: Dodged            ||    64
